 Dungeon Crawl Stone Soup version 0.28.0-53-g5a82cb258f (webtiles) character file.

Game seed: 15788356546135228522

102 Ashen the Chiller (level 4, -1/33 HPs)
             Began as a Demonspawn Ice Elementalist on July 25, 2022.
             Slain by a gnoll
             ... wielding a +0 halberd
              (8 damage)
             ... on level 2 of the Dungeon.
             The game lasted 00:05:55 (1911 turns).

Ashen the Chiller (Demonspawn Ice Elementalist)     Turns: 1911, Time: 00:05:56

Health: -1/33      AC:  3    Str:  9    XL:     4   Next: 49%
Magic:  0/7        EV: 12    Int: 18    God:
Gold:   46         SH:  4    Dex: 13    Spells: 4/8 levels left

rFire   . . .      SeeInvis .   j - +1 dagger (flame)
rCold   . . .      Faith    .   (no shield)
rNeg    . . .      Spirit   .   a - +0 robe
rPois   .          Reflect  .   (no helmet)
rElec   .          Harm     .   (no cloak)
rCorr   .          Rampage  .   i - +0 pair of gloves
Will    .....                   (no boots)
Stlth   ++........              (no amulet)
HPRegen 0.11/turn               (no ring)
MPRegen 0.10/turn               (no ring)

@: no status effects
A: large bone plates 1, powered by death 1, weakness stinger 1
a: no special abilities


You were on level 2 of the Dungeon.
You visited 1 branch of the dungeon, and saw 2 of its levels.

You collected 46 gold pieces.

Inventory:

Hand Weapons
 d - a +0 whip
 j - a +1 dagger of flaming (weapon)
Missiles
 e - 3 poisoned darts
 h - 4 atropa-tipped darts
Armour
 a - a +0 robe (worn)
 i - a +0 pair of gloves (worn)
Jewellery
 k - a ring of flight
Wands
 l - a wand of polymorph (4)
Scrolls
 c - 2 scrolls of enchant armour {unknown}
 m - a scroll of amnesia {unknown}
Potions
 b - a potion of mutation {unknown}
 f - a potion of haste {unknown}
 g - a potion of might {unknown}


   Skills:
 + Level 1.6 Fighting
 + Level 2.4 Dodging
 + Level 2.5 Stealth
 + Level 2.6 Spellcasting
 + Level 4.0 Ice Magic


You had 4 spell levels left.
You knew the following spells:

 Your Spells              Type           Power      Damage    Failure   Level
a - Freeze                Ice            68%        1d8       3%          1
b - Frozen Ramparts       Ice            34%        1d5       10%         3

Your spell library contained the following spells:

 Spells                   Type           Power      Damage    Failure   Level
 Ozocubu's Armour         Ice            17%        N/A       10%         3
 Scorch                   Fire           4%         2d5       26%         2
 Hailstorm                Conj/Ice       9%         3d4       58%         4
 Flame Wave               Conj/Fire      2%         2d4       86%         4
 Summon Cactus Giant      Summ           1%         N/A       100%        6


Dungeon Overview and Level Annotations

Branches:
Dungeon (2/15)

Altars:


Innate Abilities, Weirdness & Mutations

You are partially covered in large bone plates. (SH +4)
You regenerate a little health from kills.
You have a small tail.


Message History

No previous command to re-do.
No previous command to re-do.
No previous command to re-do.
Unknown command.
Casting: Freeze (safe; 3% risk of failure)
Confirm with . or Enter, or press ? or * to list all spells.
Aiming: Freeze (safe; 3% risk of failure)
Press: ? - help, Shift-Dir - straight line, f/p - gnoll
Aim: a gnoll, wielding a +0 halberd and wearing a +0 leather armour You freeze the gnoll.
The gnoll is moderately wounded.
The gnoll hits you with a +0 halberd.
Casting: Freeze (safe; 3% risk of failure)
Confirm with . or Enter, or press ? or * to list all spells.
Aiming: Freeze (safe; 3% risk of failure)
Press: ? - help, Shift-Dir - straight line, f/p - gnoll
Aim: a gnoll, wielding a +0 halberd and wearing a +0 leather armour (moderately wounded)
You freeze the gnoll.
The gnoll is moderately wounded.
The gnoll closely misses you.
Casting: Freeze (safe; 3% risk of failure)
Confirm with . or Enter, or press ? or * to list all spells.
Aiming: Freeze (safe; 3% risk of failure)
Press: ? - help, Shift-Dir - straight line, f/p - gnoll
Aim: a gnoll, wielding a +0 halberd and wearing a +0 leather armour (moderately wounded)
You freeze the gnoll.
The gnoll is heavily wounded.
The gnoll hits you with a +0 halberd!
Unknown command.
Casting: Freeze (safe; 3% risk of failure)
Confirm with . or Enter, or press ? or * to list all spells.
Aiming: Freeze (safe; 3% risk of failure)
Press: ? - help, Shift-Dir - straight line, f/p - gnoll
Aim: a gnoll, wielding a +0 halberd and wearing a +0 leather armour (heavily wounded)
You freeze the gnoll.
The gnoll is almost dead.
The gnoll hits you with a +0 halberd.
* * * LOW HITPOINT WARNING * * *
The gnoll hits you from afar with a +0 halberd!
You die...

##.###....#.#####.##...###....
#.###....#.#####'##...###....
#####........#...................
#......##....#.....รท.....[.......
#......##....#...............#...
#......##....................#...
#......##.....#..............#...
#.............#..............#...
#...............@.g..........#...
#...........##...............#...
#....#......##................#..
#....#......###...............#..
#....#....#############.......#..
#.............................#..
#.........#####........g......#..
#.......................#### ###
#####.........#.........# ##+###


You could see a gnoll.

Vanquished Creatures
  An orc wizard (D:2)
  2 gnolls (D:1)
  An adder (D:2)
  2 worms (D:2)
  A dart slug (D:1)
  4 orcs (D:2)
  An endoplasm (D:1)
  2 hobgoblins (D:1)
  6 jackals (D:1)
  A quokka (D:1)
  6 ball pythons
  2 bats
  A frilled lizard (D:2)
  4 goblins
  2 kobolds (D:1)
  4 rats (D:2)
40 creatures vanquished.

Notes
Turn   | Place    | Note
-------+----------+-------------------------------------------
     0 | D:1      | Ashen the Demonspawn Ice Elementalist began the quest for
                  | the Orb.
     0 | D:1      | Reached XP level 1. HP: 13/13 MP: 3/3
   442 | D:1      | Gained mutation: You regenerate a little health from kills.
                  | [demonic ancestry]
   442 | D:1      | Reached XP level 2. HP: 20/20 MP: 3/5
  1056 | D:1      | Reached skill level 1 in Fighting
  1056 | D:1      | Gained mutation: You have a small tail. [demonic ancestry]
  1056 | D:1      | Reached XP level 3. HP: 16/26 MP: 1/6
  1060 | D:1      | Learned a level 3 spell: Frozen Ramparts
  1403 | D:2      | Reached skill level 4 in Ice Magic
  1403 | D:2      | Gained mutation: You are partially covered in large bone
                  | plates. (SH +4) [demonic ancestry]
  1403 | D:2      | Reached XP level 4. HP: 32/32 MP: 0/7
  1722 | D:2      | Found a faded altar of an unknown god.
  1911 | D:2      | Slain by a gnoll

Illustrated notes

Levels and vault maps discovered:
D:1:      mrwooster_arrival_statue_2, layout_basic
D:2:      layout_basic, hellmonk_ecumenical_altar_run_dry, grunt_ministairs_12

Skill      XL: |  1  2  3 |
---------------+----------+-----
Stealth        | 2 |  2.5
Dodging        | 2 |  2.4
Fighting       | 1 |  1.6
Ice Magic      | 4 |  4.0
Spellcasting   | |  2.6

Action                   |  1- 3 |  4- 6 || total
-------------------------+-------+-------++-------
Melee: Whip              |    23 |       ||    23
       Unarmed           |     1 |       ||     1
       Punch             |     1 |       ||     1
       Dagger            |     4 |    27 ||    31
       Tailslap          |     1 |     3 ||     4
 Cast: Freeze            |    34 |    14 ||    48
       Frozen Ramparts   |     2 |     1 ||     3
 Stab: Sleeping          |     2 |     1 ||     3
Armor: Robe              |    17 |     5 ||    22
Dodge: Dodged            |    52 |    20 ||    72
Block: Other             |       |     4 ||     4
